AoeStats
← Maty

African Clearing

510320314Analyzed
4v4 RM · 1d ago on Sep 30, 2026· 27m 4s· 8 players
Game mode
Random Map
Map size
Large (8 player)
Population
200
Speed
Normal
Resources
Standard
Victory
Conquest
Starting age
Dark Age
Ending age
Imperial Age
RankedLock teamsTeams togetherTeam positionsShared explorationLock speedFull tech treeHidden civsTurbo modeCheats
Victory
Defeat
🇨🇳 Goths · China
1582
+11
1531
+13
🇨🇳 Hindustanis · China
1484
+15
🇨🇳 Berbers · China
1401
+19
🇩🇰 Persians · Denmark
1493
-16
🇪🇨 Bengalis · Ecuador
1468
-15
🇧🇷 Chinese · Brazil
1456
-14
🇨🇳 Gurjaras · China
1437
-13
WalfTheWolf
6:02 Loom
13:26 Feudal Age
13:52 Double-Bit Axe
20:47 Castle Age
18:53 Horse Collar
20:36 Fletching
21:37 Gold Mining
25:31 Bloodlines
26:14 Husbandry
27:17 Forging
Maty
5:09 Loom
Fs.Emmanuel
3:00 Loom
14:11 Feudal Age
18:06 Castle Age
16:12 Double-Bit Axe
19:06 Forging
19:34 Town Watch
王德发
10:04 Loom
13:01 Feudal Age
14:09 Double-Bit Axe
14:25 Man-at-Arms
23:51 Castle Age
23:08 Forging
23:11 Scale Mail Armor
23:25 Fishing Lines
25:49 Wheelbarrow
25:00 Town Watch
椒香三角铁
7:14 Loom
11:43 Feudal Age
13:15 Double-Bit Axe
15:04 Scale Barding Armor
21:01 Bloodlines
24:15 Castle Age
24:05 Forging
24:31 Light Cavalry
25:12 Husbandry
拳斗部诗人—菜桑
11:32 Loom
13:18 Feudal Age
15:15 Double-Bit Axe
17:40 Castle Age
17:28 Horse Collar
26:35 Forging
青子
7:20 Loom
12:55 Feudal Age
15:10 Town Watch
15:29 Double-Bit Axe
17:58 Castle Age
18:55 Wheelbarrow
24:12 Scale Mail Armor
初中王
4:53 Loom
26:58 Feudal Age
Connection lost

Rejoining the realm…

Still unreachable

The connection could not be restored.

Session expired

The server has moved on; the page needs a fresh start.